SL
JACKSONVILLE SUNS @ MISSISSIPPI BRAVES
05/06/2099
 
TOP OF THE 1ST
Jacksonville Suns batting - Pitching for Mississippi Braves : RHP Ken Decker
Pitching: RHP Ken Decker
Batting: RHB Chris Kern 0-0: Ball
1-0: Foul Ball, location: 25F
1-1: Called Strike
1-2: DOUBLE (Line Drive, 78D, EV 106.9 MPH)
Batting: RHB Dusty Evans 0-0: Ball
1-0: Called Strike
1-1: Foul Ball, location: 7LSF
1-2: Fly out, F7 (Flyball, 7S, EV 78.1 MPH)
Batting: SHB Everett Anderson 0-0: Called Strike
0-1: Ball
1-1: Ball
2-1: Swinging Strike
2-2: Strikes out looking
Batting: LHB Joe Krause 0-0: Foul Ball, location: 3SF
0-1: Ground out U3 (Groundball, 3, EV 110.0 MPH)
Top of the 1st over - 0 runs, 1 hit, 0 errors, 1 left on base; Jacksonville 0 - Mississippi 0
BOTTOM OF THE 1ST
Mississippi Braves batting - Pitching for Jacksonville Suns : LHP Kellen Rooney
Pitching: LHP Kellen Rooney
Batting: LHB Mauricio Medina 0-0: Swinging Strike
0-1: Ball
1-1: Swinging Strike
1-2: Strikes out swinging
Batting: RHB Rick Gray 0-0: Ball
1-0: Swinging Strike
1-1: Ball
2-1: Foul Ball, location: 9LSF
2-2: Ball
3-2: Base on Balls
Batting: LHB Chris Gill 0-0: Called Strike
0-1: Called Strike
0-2: Ball
1-2: Ball
2-2: Ball
3-2: Foul Ball, location: 7LMF
3-2: Strikes out swinging
Rick Gray steals 2nd base
Batter strikes out.
Batting: RHB Lenny Murdoch 0-0: Foul Ball, location: 5FF
0-1: Ball
1-1: Ball
2-1: Fly out, F7 (Line Drive, 7LS, EV 92.5 MPH)
Bottom of the 1st over - 0 runs, 0 hits, 0 errors, 1 left on base; Jacksonville 0 - Mississippi 0
TOP OF THE 2ND
Jacksonville Suns batting - Pitching for Mississippi Braves : RHP Ken Decker
Batting: SHB Jeremy Maughan 0-0: Called Strike
0-1: Called Strike
0-2: Strikes out swinging
Batting: LHB Izzy Montes 0-0: Swinging Strike
0-1: Ball
1-1: Ball
2-1: Foul Ball, location: 5F
2-2: Strikes out swinging
Batting: RHB Brett O'Grady 0-0: Foul Ball, location: 23FF
0-1: Ball
1-1: Swinging Strike
1-2: Strikes out swinging
Top of the 2nd over - 0 runs, 0 hits, 0 errors, 0 left on base; Jacksonville 0 - Mississippi 0
BOTTOM OF THE 2ND
Mississippi Braves batting - Pitching for Jacksonville Suns : LHP Kellen Rooney
Batting: RHB Jess Bow 0-0: Ball
1-0: Swinging Strike
1-1: Ball
2-1: Fly out, F9 (Flyball, 9, EV 91.9 MPH)
Batting: RHB Daniel Roach 0-0: Ball
1-0: Ball
2-0: Ball
3-0: Base on Balls
Batting: RHB Sergio Espinoza 0-0: Ball
1-0: Swinging Strike
1-1: Ball
2-1: Ball
3-1: Base on Balls
Daniel Roach to second
Batting: SHB Joe DiSandro 0-0: Foul Ball, location: 2F
0-1: Fly out, F8 (Flyball, 89D, EV 98.1 MPH)
Batting: RHB Jason Campbell 0-0: Foul Ball, location: 9LMF
0-1: SINGLE (Line Drive, 6MD, EV 96.9 MPH)
Daniel Roach to third
Sergio Espinoza to second
Runner from 3rd tries for Home, SAFE, throw by CF to home
Batting: LHB Mauricio Medina 0-0: Called Strike
0-1: Swinging Strike
0-2: Strikes out swinging
Bottom of the 2nd over - 1 run, 1 hit, 0 errors, 2 left on base; Jacksonville 0 - Mississippi 1
TOP OF THE 3RD
Jacksonville Suns batting - Pitching for Mississippi Braves : RHP Ken Decker
Batting: RHB Jason Milano 0-0: Called Strike
0-1: Called Strike
0-2: Ball
1-2: Strikes out looking
Batting: RHB Jeremy Bennett 0-0: Foul Ball, location: 2F
0-1: Ball
1-1: Ball
2-1: Called Strike
2-2: Ball
3-2: Base on Balls
Batting: RHB Chris Kern 0-0: Called Strike
0-1: Fly out, F9 (Flyball, 89M, EV 95.0 MPH)
Batting: RHB Dusty Evans 0-0: Ball
1-0: Ball
2-0: Called Strike
2-1: Called Strike
2-2: Ball
3-2: Foul Ball, location: 2RF
3-2: 2-RUN HOME RUN (Flyball, 89XD, EV 104.4 MPH), Distance : 418 ft
Batting: SHB Everett Anderson 0-0: Ball
1-0: SINGLE (Groundball, 6MD, EV 102.5 MPH)
Batting: LHB Joe Krause 0-0: Called Strike
0-1: Ball
1-1: Ball
2-1: Ball
3-1: Base on Balls
Everett Anderson to second
Batting: SHB Jeremy Maughan 0-0: 3-RUN HOME RUN (Flyball, 9D, EV 97.5 MPH), Distance : 377 ft
Pitching: RHP Rino Antonucci
Batting: LHB Izzy Montes 0-0: Ball
1-0: Ball
2-0: Ball
3-0: Base on Balls
Batting: RHB Brett O'Grady 0-0: Called Strike
0-1: Ball
Izzy Montes steals 2nd base
1-1: Ball
2-1: Called Strike
2-2: DOUBLE (Flyball, 8RXD, EV 94.4 MPH)
Izzy Montes scores
Batting: RHB Jason Milano 0-0: Ball
1-0: Swinging Strike
1-1: Fly out, F4 (Popup, 4S, EV 70.0 MPH)
Top of the 3rd over - 6 runs, 4 hits, 0 errors, 1 left on base; Jacksonville 6 - Mississippi 1
BOTTOM OF THE 3RD
Mississippi Braves batting - Pitching for Jacksonville Suns : LHP Kellen Rooney
Batting: RHB Rick Gray 0-0: TRIPLE (Flyball, 89XD, EV 105.0 MPH)
Batting: LHB Chris Gill 0-0: Ball
1-0: Ball
2-0: Ball
3-0: Base on Balls
Batting: RHB Lenny Murdoch 0-0: Called Strike
0-1: Foul Ball, location: 5F
0-2: Ball
1-2: Strikes out looking
Batting: RHB Jess Bow 0-0: Ball
1-0: Swinging Strike
1-1: 3-RUN HOME RUN (Flyball, 9LD, EV 93.8 MPH), Distance : 349 ft
Batting: RHB Daniel Roach 0-0: Ball
1-0: Fly out, F8 (Flyball, 89S, EV 93.8 MPH)
Batting: RHB Sergio Espinoza 0-0: Called Strike
0-1: Ball
1-1: Ball
2-1: Ball
3-1: SINGLE (Groundball, 56D, EV 106.3 MPH)
Batting: SHB Joe DiSandro 0-0: Ball
1-0: Ball
2-0: Ball
3-0: Called Strike
3-1: Base on Balls
Sergio Espinoza to second
Batting: RHB Jason Campbell 0-0: Called Strike
0-1: Swinging Strike
0-2: Foul Ball, location: 2F
0-2: Ball
1-2: Ball
2-2: Strikes out swinging
Bottom of the 3rd over - 3 runs, 3 hits, 0 errors, 2 left on base; Jacksonville 6 - Mississippi 4
TOP OF THE 4TH
Jacksonville Suns batting - Pitching for Mississippi Braves : RHP Rino Antonucci
Batting: RHB Jeremy Bennett 0-0: Ball
1-0: SINGLE (Groundball, 34S, EV 83.1 MPH) (infield hit)
Batting: RHB Chris Kern 0-0: Called Strike
0-1: Called Strike
0-2: Ball
1-2: Fielders Choice at 2nd, 1-4 (Groundball, 15S, EV 66.3 MPH)
Batting: RHB Dusty Evans 0-0: Called Strike
0-1: Ball
1-1: Grounds into double play, 4-6-3 (Groundball, 4, EV 105.0 MPH)
Top of the 4th over - 0 runs, 1 hit, 0 errors, 0 left on base; Jacksonville 6 - Mississippi 4
BOTTOM OF THE 4TH
Mississippi Braves batting - Pitching for Jacksonville Suns : LHP Kellen Rooney
Batting: LHB Mauricio Medina 0-0: Ball
1-0: Foul Ball, location: 2F
1-1: Called Strike
1-2: Fly out, F9 (Flyball, 9, EV 84.4 MPH)
Batting: RHB Rick Gray 0-0: Called Strike
0-1: Ball
1-1: Ball
2-1: Ground out 6-3 (Groundball, 6, EV 88.8 MPH)
Batting: LHB Chris Gill 0-0: Ball
1-0: Ball
2-0: Ball
3-0: Called Strike
3-1: Base on Balls
Batting: RHB Lenny Murdoch 0-0: Ball
1-0: Ball
2-0: Ball
3-0: Base on Balls
Chris Gill to second
Batting: RHB Jess Bow 0-0: Ball
1-0: DOUBLE (Line Drive, 78D, EV 103.8 MPH)
Chris Gill scores
Lenny Murdoch to third
Runner from 3rd tries for Home, SAFE, throw by LF to home
Pitching: RHP Emilio Anaya
Batting: RHB Daniel Roach 0-0: Ball
1-0: Swinging Strike
1-1: Ball
2-1: Foul Ball, location: 3FF
2-2: Ball
3-2: Foul Ball, location: 2F
3-2: Strikes out looking
Bottom of the 4th over - 2 runs, 1 hit, 0 errors, 1 left on base; Jacksonville 6 - Mississippi 6
TOP OF THE 5TH
Jacksonville Suns batting - Pitching for Mississippi Braves : RHP Rino Antonucci
Batting: SHB Everett Anderson 0-0: Called Strike
0-1: Foul Ball, location: 25FF
0-2: Ball
1-2: Ball
2-2: Hit by Pitch
Batting: LHB Joe Krause 0-0: Called Strike
0-1: Ball
1-1: DOUBLE (Line Drive, 7LS, EV 106.3 MPH)
Everett Anderson to third
Runner from 3rd tries for Home, SAFE, throw by LF to home
Batting: SHB Jeremy Maughan 0-0: Ball
1-0: Foul Ball, location: 23F
1-1: Ball
2-1: Ball
3-1: Called Strike
3-2: Strikes out swinging
Batting: LHB Izzy Montes 0-0: Called Strike
0-1: Ball
1-1: Ball
2-1: Ball
3-1: Base on Balls
Batting: RHB Brett O'Grady 0-0: Called Strike
0-1: Called Strike
0-2: Ball
1-2: Foul Ball, location: 3DF
1-2: DOUBLE (Line Drive, 9LM, EV 101.9 MPH)
Joe Krause scores
Izzy Montes to third
Batting: RHB Jason Milano 0-0: Ball
1-0: Ball
2-0: Ball
3-0: Base on Balls
Batting: RHB Jeremy Bennett 0-0: Ball
1-0: Fly out, F7 (Line Drive, 7S, EV 104.4 MPH)
Batting: RHB Chris Kern 0-0: Fly out, F6 (Line Drive, 6, EV 61.9 MPH)
Top of the 5th over - 2 runs, 2 hits, 0 errors, 3 left on base; Jacksonville 8 - Mississippi 6
BOTTOM OF THE 5TH
Mississippi Braves batting - Pitching for Jacksonville Suns : RHP Emilio Anaya
Batting: RHB Sergio Espinoza 0-0: Called Strike
0-1: Called Strike
0-2: Foul Ball, location: 9LSF
0-2: Ground out 6-3 (Groundball, 6, EV 100.6 MPH)
Batting: SHB Joe DiSandro 0-0: Called Strike
0-1: Ball
1-1: Foul Ball, location: 7LSF
1-2: Ball
2-2: Foul Ball, location: 25F
2-2: Ground out 4-3 (Groundball, 4, EV 79.4 MPH)
Batting: RHB Jason Campbell 0-0: Ball
1-0: Ball
2-0: Foul Ball, location: 2LF
2-1: Ball
3-1: Base on Balls
Batting: LHB Mauricio Medina 0-0: Called Strike
0-1: Ball
1-1: Ball
2-1: Ball
3-1: Base on Balls
Jason Campbell to second
Batting: RHB Rick Gray 0-0: Ball
1-0: Foul Ball, location: 7LSF
1-1: SINGLE (Groundball, 6MD, EV 96.9 MPH)
Jason Campbell to third
Mauricio Medina to second
Runner from 3rd tries for Home, SAFE, throw by CF to home
Batting: LHB Chris Gill 0-0: Ball
1-0: Ball
2-0: Called Strike
2-1: Ball
3-1: Called Strike
3-2: Foul Ball, location: 2F
3-2: Fly out, F8 (Flyball, 8LS, EV 90.6 MPH)
Bottom of the 5th over - 1 run, 1 hit, 0 errors, 2 left on base; Jacksonville 8 - Mississippi 7
TOP OF THE 6TH
Jacksonville Suns batting - Pitching for Mississippi Braves : RHP Rino Antonucci
Pitching: RHP Kevin Carlton
Batting: RHB Dusty Evans 0-0: Ball
1-0: Ground out 6-3 (Groundball, 6S, EV 83.8 MPH)
Batting: SHB Everett Anderson 0-0: Foul Ball, location: 9LSF
0-1: Ball
1-1: DOUBLE (Line Drive, 7LM, EV 109.4 MPH)
Batting: LHB Joe Krause 0-0: Called Strike
0-1: Called Strike
0-2: Ball
1-2: Ball
2-2: Ball
3-2: Strikes out looking
Batting: SHB Jeremy Maughan 0-0: Ball
1-0: Ball
2-0: Called Strike
2-1: SINGLE (Line Drive, 8RS, EV 96.3 MPH)
Everett Anderson to third
Runner from 3rd tries for Home, SAFE, throw by CF to home
Jeremy Maughan to second
Batting: LHB Izzy Montes 0-0: Ball
1-0: Foul Ball, location: 7LDF
1-1: Ball
2-1: Foul Ball, location: 2F
2-2: Foul Ball, location: 2F
2-2: Strikes out looking
Top of the 6th over - 1 run, 2 hits, 0 errors, 1 left on base; Jacksonville 9 - Mississippi 7
BOTTOM OF THE 6TH
Mississippi Braves batting - Pitching for Jacksonville Suns : RHP Emilio Anaya
Batting: RHB Lenny Murdoch 0-0: Called Strike
0-1: Ball
1-1: Ball
2-1: Ball
3-1: Base on Balls
Batting: RHB Jess Bow 0-0: Ball
1-0: Ball
Wild Pitch!
Lenny Murdoch to second
2-0: Foul Ball, location: 25F
2-1: Swinging Strike
2-2: Ball
3-2: Fly out, F6 (Popup, 6D, EV 43.8 MPH)
Batting: RHB Daniel Roach 0-0: Called Strike
0-1: Ball
1-1: Ball
2-1: Ball
3-1: Base on Balls
Pitching: RHP Tony Silva
Batting: RHB Sergio Espinoza 0-0: Fly out, F6 (Popup, 6, EV 58.8 MPH)
Batting: SHB Joe DiSandro 0-0: Ball
1-0: Ball
2-0: SINGLE (Groundball, 34D, EV 80.6 MPH) (infield hit)
Lenny Murdoch to third
Daniel Roach to second
Pinch Hitting: LHB Nestor Quintanilla 0-0: Ball
1-0: Called Strike
1-1: Ball
2-1: Fielders Choice at 2nd, 6-4 (Groundball, 6, EV 77.5 MPH)
Bottom of the 6th over - 0 runs, 1 hit, 0 errors, 3 left on base; Jacksonville 9 - Mississippi 7
TOP OF THE 7TH
Jacksonville Suns batting - Pitching for Mississippi Braves : RHP Kevin Carlton
Now at 2B: Omar Perez
Batting: RHB Brett O'Grady 0-0: Ball
1-0: Foul Ball, location: 9LDF
1-1: Called Strike
1-2: Foul Ball, location: 2F
1-2: Ball
2-2: Foul Ball, location: 2F
2-2: Foul Ball, location: 25FF
2-2: Strikes out swinging
Batting: RHB Jason Milano 0-0: Ball
1-0: Foul Ball, location: 23F
1-1: Foul Ball, location: 2F
1-2: Foul Ball, location: 7LMF
1-2: Ball
2-2: Ball
3-2: Foul Ball, location: 2F
3-2: Strikes out swinging
Batting: RHB Jeremy Bennett 0-0: Ball
1-0: Called Strike
1-1: Foul Ball, location: 2RF
1-2: Strikes out looking
Top of the 7th over - 0 runs, 0 hits, 0 errors, 0 left on base; Jacksonville 9 - Mississippi 7
BOTTOM OF THE 7TH
Mississippi Braves batting - Pitching for Jacksonville Suns : RHP Tony Silva
Batting: LHB Mauricio Medina 0-0: Ball
1-0: Swinging Strike
1-1: Foul Ball, location: 5F
1-2: Strikes out swinging
Batting: RHB Rick Gray 0-0: Ball
1-0: Called Strike
1-1: Called Strike
1-2: Ball
2-2: Strikes out swinging
Batting: LHB Chris Gill 0-0: Foul Ball, location: 9LMF
0-1: Foul Ball, location: 3FF
0-2: Ball
1-2: Strikes out swinging
Bottom of the 7th over - 0 runs, 0 hits, 0 errors, 0 left on base; Jacksonville 9 - Mississippi 7
TOP OF THE 8TH
Jacksonville Suns batting - Pitching for Mississippi Braves : RHP Kevin Carlton
Pitching: RHP Anthony Hall
Batting: RHB Chris Kern 0-0: Called Strike
0-1: Fly out, F4 (Popup, 23, EV 80.6 MPH)
Batting: RHB Dusty Evans 0-0: Called Strike
0-1: Ball
1-1: Ball
2-1: Ball
3-1: Foul Ball, location: 2F
3-2: Ground out 5-3 (Groundball, 56S, EV 85.0 MPH)
Batting: SHB Everett Anderson 0-0: Swinging Strike
0-1: Ball
1-1: Swinging Strike
1-2: Strikes out swinging
Top of the 8th over - 0 runs, 0 hits, 0 errors, 0 left on base; Jacksonville 9 - Mississippi 7
BOTTOM OF THE 8TH
Mississippi Braves batting - Pitching for Jacksonville Suns : RHP Tony Silva
Pitching: RHP Aaron Clements
Now at 1B: Zach Cardillo
Now in LF: Jake King
Batting: RHB Lenny Murdoch 0-0: Ball
1-0: Swinging Strike
1-1: Foul Ball, location: 3SF
1-2: Foul Ball, location: 23F
1-2: Ball
2-2: Foul Ball, location: 3FF
2-2: Ball
3-2: Strikes out swinging
Batting: RHB Jess Bow 0-0: Ball
1-0: Called Strike
1-1: Ball
2-1: Ball
3-1: Foul Ball, location: 5F
3-2: Fly out, F8 (Flyball, 8RD, EV 100.6 MPH)
Batting: RHB Daniel Roach 0-0: Ball
1-0: Called Strike
1-1: Ball
2-1: Fly out, F8 (Line Drive, 8RM, EV 95.0 MPH)
Bottom of the 8th over - 0 runs, 0 hits, 0 errors, 0 left on base; Jacksonville 9 - Mississippi 7
TOP OF THE 9TH
Jacksonville Suns batting - Pitching for Mississippi Braves : RHP Anthony Hall
Batting: LHB Joe Krause 0-0: Ball
1-0: Ball
2-0: Foul Ball, location: 5F
2-1: Foul Ball, location: 2F
2-2: Strikes out swinging
Batting: SHB Jeremy Maughan 0-0: Ball
1-0: Foul Ball, location: 9LDF
1-1: Foul Ball, location: 7LSF
1-2: Strikes out swinging
Batting: LHB Izzy Montes 0-0: Ball
1-0: Called Strike
1-1: Swinging Strike
1-2: Foul Ball, location: 2F
1-2: Ball
2-2: Ball
3-2: Base on Balls
Batting: RHB Brett O'Grady 0-0: Ball
1-0: Ball
2-0: Ball
3-0: Called Strike
3-1: Base on Balls
Izzy Montes to second
Batting: RHB Jason Milano 0-0: Ball
1-0: Called Strike
1-1: Called Strike
1-2: Ball
2-2: Strikes out swinging
Top of the 9th over - 0 runs, 0 hits, 0 errors, 2 left on base; Jacksonville 9 - Mississippi 7
BOTTOM OF THE 9TH
Mississippi Braves batting - Pitching for Jacksonville Suns : RHP Aaron Clements
Now in RF: Andy Fresi
Pinch Hitting: LHB Alex Quinones 0-0: Foul Ball, location: 3FF
0-1: Foul Ball, location: 2F
0-2: Strikes out swinging
Batting: SHB Joe DiSandro 0-0: Ball
1-0: Called Strike
1-1: Ball
2-1: Ball
3-1: Foul Ball, location: 3FF
3-2: Strikes out swinging
Batting: RHB Omar Perez 0-0: Foul Ball, location: 2F
0-1: Foul Ball, location: 2LF
0-2: Ground out 6-3 (Groundball, 6, EV 85.6 MPH)
Bottom of the 9th over - 0 runs, 0 hits, 0 errors, 0 left on base; Jacksonville 9 - Mississippi 7
Sunday, May 5th , 2024 - OOTP Baseball 24.11 Build 85